 Dungeon Crawl Stone Soup version 0.21-a0-442-g848f44b (webtiles) character file.

4 Heskey the Digger (level 1, -2/10 HPs)
             Began as a Gargoyle Earth Elementalist on Nov 16, 2017.
             Slain by an ooze (3 damage)
             ... on level 1 of the Dungeon.
             The game lasted 00:01:32 (367 turns).

Heskey the Digger (Gargoyle Earth Elementalist)      Turns: 367, Time: 00:01:32

Health: -2/10      AC: 10    Str: 11    XL:     1   Next: 60%
Magic:  3/3        EV:  5    Int: 15    God:
Gold:   32         SH:  0    Dex: 10    Spells: 3/4 levels left

rFire    . . .     SeeInvis .   (no weapon)
rCold    . . .     Gourm    .   (no shield)
rNeg     + . .     Faith    .   a - +0 chain mail
rPois    ∞         Spirit   .   (no helmet)
rElec    +         Reflect  .   (no cloak)
rCorr    .         Harm     .   (no gloves)
MR       .....                  (no boots)
Stlth    ..........             (no amulet)
HPRegen  0.03/turn              (no ring)
MPRegen  0.08/turn              (no ring)

@: no status effects
A: negative energy resistance 1, electricity resistance, unbreathing,
petrification resistance, rot immunity, AC +2
a: no special abilities


You were on level 1 of the Dungeon.
You were not hungry.

You visited 1 branch of the dungeon, and saw 1 of its levels.

You collected 32 gold pieces.

Inventory:

Missiles
 b - 46 stones (quivered)
Armour
 a - a +0 chain mail (worn)
 c - a +0 robe
Potions
 g - a potion of agility {unknown}
Books
 e - a book of Geomancy

   Spells                             Type                      Level
   a - Sandblast                      Earth                        1
   b - Passwall                       Transmutation/Earth          2
   c - Stone Arrow                    Conjuration/Earth            3
   d - Petrify                        Transmutation/Earth          4
   e - Lee's Rapid Deconstruction     Earth                        5
Comestibles
 d - a bread ration
 f - a meat ration


   Skills:
 + Level 1.7 Dodging
 - Level 2.1 Stealth
 + Level 2.1 Spellcasting
   Level 0.7 Transmutations
 + Level 3.7 Earth Magic


You had 3 spell levels left.
You knew the following spells:

 Your Spells              Type           Power        Failure   Level  Hunger
a - Sandblast             Erth           ##....       96%         1    #......


Dungeon Overview and Level Annotations

Branches:
Dungeon (1/15)

Altars:


Innate Abilities, Weirdness & Mutations

You are resistant to torment.
Your stone body is resilient. (AC +2)
You are immune to poison.
You resist negative energy. (rN+)
You are resistant to electric shocks. (rElec)
You can survive without breathing.
You are immune to petrification.
You are immune to rotting.


Message History

A kobold comes into view. It is wielding a whip.
The kobold shouts!
The bat hits you but does no damage. x2
The bat hits you but does no damage. The bat completely misses you.
Found a scroll labeled MEENWE VAGEAD.
An ooze comes into view.
A kobold comes into view. It is wielding a short sword.
The kobold shouts!
The bat hits you but does no damage. x2
The bat hits you but does no damage. x2
The bat hits you but does no damage. The kobold barely misses you.
The bat hits you but does no damage.
Found a pair of runed gloves.
The bat hits you but does no damage. The kobold hits you but does no damage.
The bat hits you but does no damage. x2; The ooze hits you but does no damage.
The kobold hits you with a short sword.
* * * LOW HITPOINT WARNING * * *
The kobold hits you but does no damage. The bat hits you but does no damage.
The ooze hits you.
You die...

#.......# #####
######.......#####
.....##...........##....
........................
.........(...>.######.##
..............## #.#.
.......Kb.....## ....
......Jb.......... .....
.[....K@.......######.##
...............# #.##
..............## #...
.....##.......# #...
..##. ###.....?# ####...
#### # # .....#..
#...... ...# ....
.#.###. ..##... ...#
#.... #.# .#.# .......
...####...# #)# ..# ..
##...#


You could see an ooze, 2 bats and 2 kobolds.

Vanquished Creatures
  A giant cockroach (D:1)
  A bat (D:1)
  A frilled lizard (D:1)
  A kobold (D:1)
  A rat (D:1)
5 creatures vanquished.

Notes
Turn   | Place    | Note
-------+----------+-------------------------------------------
     0 | D:1      | Heskey the Gargoyle Earth Elementalist began the quest for the Orb.
     0 | D:1      | Reached XP level 1. HP: 10/10 MP: 3/3
   367 | D:1      | Slain by an ooze

Vault maps used:
D:1:      ncdulo_smallfort

Action                   || total
-------------------------++-------
Melee: Unarmed           ||    64
Armor: Chain mail        ||   109
       Robe              ||    12
Dodge: Dodged            ||    52

Table legend:
 A = Spawn XP
 B = Non-spawn XP
 C = Spawn XP percentage of total XP
 D = Spawn monster count
 E = Non-spawn monster count
 F = Spawn count percentage of total count
 G = Total turns spent on level
                    A         B        C        D         E        F      G
               +---------+---------+-------+---------+---------+-------+---------
         Total |       0 |       6 |   0.0 |       0 |       5 |   0.0 |   367
               +---------+---------+-------+---------+---------+-------+---------
           D:1 |       0 |       6 |   0.0 |       0 |       5 |   0.0 |   367
               +---------+---------+-------+---------+---------+-------+---------
